Map: Interloper LE

Players

PandaBearMe

  • Race: Zerg Zerg
  • Spawn Location: 11:00

PiLiPiLi - Winner!

  • Race: Protoss Protoss
  • Spawn Location: 5:00

Event: WCS Montreal 2017

VOD

Have the link to the VOD?

Description

Time

  • Played on: Sept. 8, 2017, 3:19 p.m.
  • Length: 9:38

All games in this series

Show
View Real Time Build Order
Export as new Build Order

PandaBearMe Zerg 

Build Orders: Hatch First 

Get SALT Encoding   

  12  0:02  Drone  
  13  0:12  Overlord  
  13  0:17  Drone  
  14  0:31  Drone  
  14  0:32  Drone  
  16  0:50  Hatchery  
  16  0:52  Drone  
  16  0:57  Drone  
  16  0:59  Drone  
  16  1:03  Extractor  
  17  1:16  Spawning Pool  
  16  1:18  Drone  
  16  1:22  Drone  
  18  1:28  Drone  
  19  1:39  Drone  
  20  1:49  Overlord  
  20  2:03  Queen x2, Metabolic Boost  
  24  2:10  Zergling x2  
  24  2:11  Drone  
  24  2:13  Drone  
  27  2:16  Drone  
  28  2:25  Drone  
  28  2:26  Drone  
  30  2:41  Hatchery  
  30  2:42  Zergling x2  
  30  2:48  Pneumatized Carapace  
  30  2:52  Drone  
  30  2:54  Drone  
  30  2:58  Overlord  
  32  3:04  Drone x2  
  33  3:13  Overlord  
  33  3:15  Drone x2  
  33  3:17  Drone x2  
  37  3:21  Drone  
  37  3:23  Drone  
  37  3:24  Drone  
  37  3:26  Drone  
  40  3:45  Queen  
  40  3:47  Overlord  
  40  3:48  Drone  
  43  3:50  Drone  
  43  3:51  Baneling Nest  
  43  3:52  Zergling x8  
  47  3:59  Drone  
  47  4:00  Drone x2  
  50  4:08  Overlord  
  51  4:10  Zergling x4  
  51  4:14  Zergling x2  
  51  4:15  Zergling x6  
  51  4:16  Zergling x2  
  57  4:20  Zergling x6  
  57  4:22  Zergling x2  
  61  4:25  Queen  
  61  4:27  Zergling x2  
  61  4:29  Zergling x2  
  61  4:45  Overlord  
  59  4:46  Overlord  
  59  4:48  Zergling x2  
  59  4:49  Zergling x2  
  62  4:52  Zergling x2  
  62  4:53  Zergling x10  
  62  4:56  Extractor  
  62  4:58  Zergling x4  
  62  4:59  Zergling x6  
  71  5:03  Zergling x2  
  71  5:04  Zergling x2  
  71  5:16  Overlord  
  70  5:24  Baneling x15  
  70  5:25  Zergling x2  
  71  5:28  Zergling x2  
  71  5:29  Zergling x2  
  71  5:30  Overlord  
  71  5:31  Zergling x2  
  71  5:41  Zergling x2  
  71  5:42  Overlord  
  66  5:43  Zergling x2  
  66  5:45  Zergling x16  
  66  5:49  Baneling  
  75  5:50  Baneling x4  
  75  6:01  Zergling x10  
  76  6:06  Queen  
  69  6:20  Overlord, Drone x6  
  72  6:30  Queen  
  74  6:34  Queen  
  76  6:42  Queen, Drone  
  76  6:43  Drone x2  
  81  6:48  Drone  
  81  6:52  Overlord  
  83  6:54  Drone x5  
  83  6:59  Spore Crawler  
  83  7:01  Spore Crawler  
  85  7:03  Spore Crawler  
  85  7:04  Extractor  
  79  7:10  Drone  
  79  7:14  Queen x2  
  82  7:21  Drone x4  
  81  7:25  Drone  
  82  7:38  Lair  
  82  7:40  Overlord  
  79  7:47  Overlord  
  79  7:48  Drone x5  
  79  7:49  Overlord  
  79  7:51  Overlord  
  82  7:58  Overlord  
  82  8:03  Drone  
  73  8:06  Overlord  
  73  8:07  Queen x2  
  73  8:10  Zergling x4  
  74  8:20  Evolution Chamber  
  74  8:25  Baneling  
  74  8:26  Drone x3  
  75  8:38  Drone  
  74  8:41  Drone, Infestation Pit  
  74  8:42  Drone x9  
  83  8:56  Baneling x7  
  83  8:57  Zergling x6  
  83  8:58  Zergling x2  
  83  9:01  Zergling x2  
  88  9:08  Zergling x2  
  88  9:15  Zergling x4  
  83  9:17  Zergling x14  
  83  9:22  Baneling x2  
  83  9:24  Spore Crawler  
Show
View Real Time Build Order
Export as new Build Order

PiLiPiLi Protoss - Winner!

Build Orders: 1 Gate Expand, Mass Adepts 

Get SALT Encoding   

  12  0:01  Probe (Chrono Boost)  
  13  0:11  Probe (Chrono Boost)  
  14  0:18  Pylon  
  14  0:22  Probe (Chrono Boost)  
  15  0:36  Probe (Chrono Boost)  
  15  0:38  Gateway  
  16  0:47  Probe (Chrono Boost)  
  16  0:49  Assimilator  
  17  0:57  Probe (Chrono Boost)  
  18  1:08  Probe (Chrono Boost)  
  19  1:20  Nexus  
  19  1:23  Probe (Chrono Boost)  
  20  1:35  Cybernetics Core  
  20  1:37  Probe (Chrono Boost)  
  21  1:45  Assimilator  
  21  1:48  Probe (Chrono Boost)  
  21  1:53  Pylon  
  22  1:58  Probe (Chrono Boost)  
  23  2:08  Warp Gate (Chrono Boost)  
  23  2:09  Probe (Chrono Boost)  
  23  2:11  Adept (Chrono Boost)  
  25  2:21  Probe  
  26  2:23  Twilight Council  
  26  2:30  Probe  
  26  2:33  Probe  
  26  2:34  Adept (Chrono Boost)  
  30  2:41  Probe  
  31  2:46  Probe  
  32  2:53  Resonating Glaives (Chrono Boost)  
  32  2:54  Probe  
  32  2:55  Adept  
  33  2:58  Probe  
  36  3:09  Probe  
  37  3:15  Gateway  
  37  3:16  Gateway  
  37  3:17  Probe  
  38  3:21  Probe  
  38  3:26  Pylon  
  39  3:29  Probe, Adept  
  42  3:35  Probe  
  42  3:39  Pylon  
  41  3:43  Probe (Chrono Boost)  
  44  3:50  Mothership Core (Chrono Boost)  
  44  3:54  Pylon  
  45  3:55  Probe (Chrono Boost)  
  45  3:58  Assimilator  
  45  4:02  Assimilator  
  45  4:05  Adept  
  45  4:06  Probe (Chrono Boost)  
  49  4:10  Adept x2  
  49  4:11  Probe (Chrono Boost)  
  53  4:25  Probe (Chrono Boost), Stargate  
  53  4:27  Stargate, Probe (Chrono Boost)  
  53  4:29  Adept  
  57  4:35  Probe (Chrono Boost)  
  57  4:39  Probe (Chrono Boost)  
  57  4:46  Probe (Chrono Boost)  
  59  4:53  Probe (Chrono Boost)  
  59  4:56  Adept x3  
  59  4:57  Probe (Chrono Boost)  
  66  5:02  Pylon  
  66  5:04  Pylon  
  66  5:05  Probe (Chrono Boost)  
  66  5:06  Pylon  
  67  5:07  Probe (Chrono Boost)  
  68  5:17  Probe (Chrono Boost)  
  68  5:18  Probe (Chrono Boost)  
  70  5:23  Phoenix x2 (Chrono Boost)  
  70  5:24  Protoss Air Weapons Level 1  
  74  5:31  Sentry, Adept x2  
  80  5:41  Probe x2  
  72  5:45  Phoenix x2 (Chrono Boost)  
  76  5:56  Sentry x2  
  80  6:00  Adept  
  71  6:12  Phoenix (Chrono Boost)  
  73  6:20  Pylon  
  73  6:21  Pylon  
  73  6:22  Cybernetics Core  
  71  6:26  Phoenix (Chrono Boost)  
  71  6:32  Pylon x2  
  73  6:33  Pylon  
  73  6:34  Pylon  
  73  6:35  Pylon  
  73  6:36  Pylon  
  75  6:40  Phoenix (Chrono Boost)  
  75  6:48  Adept  
  75  6:51  Gateway  
  75  6:52  Gateway x2, Adept x2  
  81  6:55  Phoenix (Chrono Boost)  
  83  7:01  Phoenix (Chrono Boost)  
  85  7:17  Phoenix (Chrono Boost)  
  85  7:19  Adept x3  
  93  7:23  Phoenix (Chrono Boost)  
  95  7:31  Pylon  
  95  7:40  Adept  
  95  7:42  Sentry x2  
  101  7:45  Nexus  
  101  7:46  Pylon  
  101  7:49  Pylon  
  101  7:56  Phoenix (Chrono Boost)  
  101  7:57  Phoenix (Chrono Boost)  
  101  7:58  Probe  
  106  8:07  Adept x2  
  106  8:08  Adept  
  112  8:15  Robotics Facility  
  112  8:16  Forge  
  112  8:19  Pylon  
  112  8:21  Adept x2  
  112  8:22  Adept  
  118  8:32  Adept x2  
  122  8:40  Adept  
  123  8:41  Adept  
  123  8:42  Adept  
  125  9:17  Adept x6  
Tags
 
Add a new tag
Caveats
  • Supply blocks, unpowered buildings, or Contaminate may cause inaccurate times.
  • Supply counts are checked every 10 seconds.